 Dungeon Crawl Stone Soup version 0.30-b1-2-g02819fbbbe (webtiles) character file.

Game seed: 3204487717257089050

523 Alarkh the Ruffian (level 7, 56/56 HPs)
             Began as a Demonspawn Chaos Knight on May 20, 2023.
             Was a Plaything of Xom.
             Got out of the dungeon alive.
             The game lasted 00:04:44 (3254 turns).

Alarkh the Ruffian (Demonspawn Chaos Knight)        Turns: 3254, Time: 00:04:44

Health: 56/56      AC: 13    Str: 13    XL:     7   Next: 2%
Magic:  7/7        EV: 13    Int: 15    God:    Xom [*.....]
Gold:   233        SH:  0    Dex: 12    Spells: 6/6 levels left

rFire   . .          .
                       - Unarmed
rCold   . . .        (no shield)
rNeg    . . .        a - +3 leather armour
rPois   .            (helmet restricted)
rElec   .            p - +0 cloak
rCorr   .            g - +0 pair of gloves
SInv    .            t - +0 pair of boots
Will    +....        (no amulet)
Stlth   +            i - ring of willpower
HPRegen 0.29/turn    q - +4 ring of protection
MPRegen 0.10/turn

%: random rage (3%)
@: no status effects
A: horns 1, repulsion field 1, demonic magic 1, hooves 1, berserk 1
a: Renounce Religion


You escaped.
You worshipped Xom.
You were a special plaything of Xom.
You visited 1 branch of the dungeon, and saw 4 of its levels.

You collected 233 gold pieces.

Inventory:

Armour
 a - a +3 leather armour (worn)
 g - a +0 pair of gloves (worn)
 p - a +0 cloak (worn)
 t - a +0 pair of boots (worn)
Jewellery
 i - a ring of willpower (left hand)
 q - a +4 ring of protection (right hand)
 s - a ring of fire
Scrolls
 d - a scroll of amnesia {unknown}
 e - 2 scrolls of teleportation
 f - 2 scrolls of summoning
 h - a scroll of immolation {unknown}
 l - a scroll of brand weapon {unknown}
 m - 3 scrolls of enchant armour
 r - a scroll of identify
Potions
 c - a potion of resistance {unknown}
 j - a potion of brilliance
 k - a potion of haste
 n - 2 potions of curing
 o - a potion of magic
Miscellaneous
 b - a piece from Xom's chessboard (14/15) (quivered)


   Skills:
 + Level 5.1 Fighting
 - Level 1.7 Armour
 - Level 0.8 Dodging
 * Level 6.2 Unarmed Combat


You had 6 spell levels left.
You didn't know any spells.
Your spell library contained the following spells:

 Spells                   Type           Power      Damage    Failure   Level
 Poisonous Vapours        Pois/Air       0%         N/A       45%         2
 Mephitic Cloud           Conj/Pois/Air  0%         N/A       71%         3
 Ozocubu's Armour         Ice            0%         N/A       71%         3
 Vhi's Electric Charge    Tloc/Air       0%         N/A       71%         3
 Arcjolt                  Conj/Air       0%         1d10      100%        5
 Freezing Cloud           Conj/Ice/Air   0%         6-21      100%        5
 Metabolic Englaciation   Hex/Ice        0%         N/A       100%        5
 Plasma Beam              Fire/Air       0%         2x1d11    100%        6
 Simulacrum               Ice/Necr       0%         N/A       100%        6


Dungeon Overview and Level Annotations

Branches:
Dungeon (4/15)             Temple (0/1) D:4

Altars:
Xom

Shops:
D:3 ::   D:4 ?


Innate Abilities, Weirdness & Mutations

You have a pair of small horns on your head.
You are surrounded by a mild repulsion field. (EV +2)
Spells you cast may paralyse adjacent enemies.
You have large cloven feet.
You sometimes lose your temper in combat.


Message History

The ball python moves out of view.
Found a stone staircase leading up.
(D) Dungeon (T) Temple
Where to? (Enter - D:4 @ (x,y), ? - help)
What level of the Dungeon? (default 1, ? - help)
A ball python is nearby!
You hit the ball python.
The ball python is moderately wounded.
The ball python bites you but does no damage.
The ball python misses you.
You barely miss the ball python.
The ball python is moderately wounded.
The ball python bites you but does no damage.
The ball python grabs you. The ball python constricts you.
You barely miss the ball python.
The ball python is moderately wounded.
The ball python closely misses you. The ball python constricts you.
You punch the ball python!
You kill the ball python!
No target in view!
No target in view!
(D) Dungeon (T) Temple
Where to? (Enter - D:1, ? - help)
There is a stone staircase leading up here.
You climb upwards.
There is a stone staircase leading down here.
There is a stone staircase leading up here.
You climb upwards.
There is a stone staircase leading down here.
There is a stone staircase leading up here.
You climb upwards.
There is a stone staircase leading down here.
Things that are here:
2 stones; a +0 short sword
There is a large open door here.
There is a large open door here.
There is a fountain of clear blue water here.
There is a staircase leading out of the dungeon here.
Are you sure you want to leave the Dungeon?
This will make you lose the game!
You have escaped!

##.##.##### #
#...#.....## #
##.....8....# #
#...##...##.#
#.#..##.##..#
#.##..#'#..##
#..#..#'#..##
##...##⌠##..# ###
##...+⌠@⌠'..# #..
#....##⌠##..##########..
#.##..#+#...............
#..#..#+#..###########..
##.).##.##..# #..
#..##...##.# #..
#.....8....# ###
#...######## #####


There were no monsters in sight!

Vanquished Creatures
  A blink frog (D:4)
  Sigmund (D:3)
  A scorpion (D:4)
  Terence (D:3)
  4 adders
  2 worms
  3 dart slugs
  An orc (D:4)
  9 ball pythons
  An endoplasm (D:1)
  4 giant cockroaches
  7 goblins
  4 hobgoblins
  11 kobolds
  6 quokkas
  5 bats
  4 frilled lizards
  8 rats
73 creatures vanquished.

Notes
Turn   | Place    | Note
-------+----------+-------------------------------------------
     0 | D:1      | Alarkh the Demonspawn Chaos Knight began the quest for the
                  | Orb.
     0 | D:1      | Reached XP level 1. HP: 18/18 MP: 1/1
    82 | D:1      | Reached skill level 3 in Unarmed Combat
   132 | D:1      | Gained mutation: You are surrounded by a mild repulsion
                  | field. (EV +2) [demonic ancestry]
   132 | D:1      | Reached XP level 2. HP: 22/24 MP: 2/2
   316 | D:1      | Found a faded altar of an unknown god.
   699 | D:1      | Reached XP level 3. HP: 29/29 MP: 3/3
   942 | D:2      | XOM is BORED!
   942 | D:2      | XOM: silly message
   968 | D:2      | Found a shimmering altar of Xom.
  1340 | D:2      | Reached skill level 4 in Unarmed Combat
  1434 | D:2      | Gained mutation: Spells you cast may paralyse adjacent
                  | enemies. [demonic ancestry]
  1434 | D:2      | Reached XP level 4. HP: 35/37 MP: 4/4
  1481 | D:3      | Noticed Sigmund
  1482 | D:3      | XOM: potion effect (might)
  1496 | D:3      | Killed Sigmund
  1497 | D:3      | Reached skill level 5 in Unarmed Combat
  1497 | D:3      | Reached XP level 5. HP: 31/43 MP: 5/5
  1796 | D:3      | XOM: 6-stop teleportation journey
  1871 | D:3      | Found Kiwn's Book Emporium.
  1912 | D:3      | Noticed Terence
  1956 | D:3      | Killed Terence
  1960 | D:3      | Reached XP level 6. HP: 30/49 MP: 6/6
  2134 | D:3      | Found Ligokey's Book Shop.
  2232 | D:3      | XOM: 2-stop teleportation journey
  2670 | D:4      | XOM: 6-stop teleportation journey
  2691 | D:4      | Found Sosirof's Magic Scroll Shoppe.
  2780 | D:4      | Found a staircase to the Ecumenical Temple.
  2861 | D:4      | XOM: give mutations
  2861 | D:4      | Gained mutation: You sometimes lose your temper in combat.
                  | [Xom's mischief]
  2861 | D:4      | Gained mutation: You have large cloven feet. [Xom's
                  | mischief]
  3038 | D:4      | Noticed a sky beast
  3047 | D:4      | Noticed a blink frog
  3047 | D:4      | XOM: polymorph something unseen -> blink frog
  3063 | D:4      | Killed a blink frog
  3064 | D:4      | Reached skill level 5 in Fighting
  3064 | D:4      | Reached skill level 6 in Unarmed Combat
  3064 | D:4      | Gained mutation: You have a pair of small horns on your
                  | head. [demonic ancestry]
  3064 | D:4      | Reached XP level 7. HP: 40/56 MP: 7/7
  3254 | D:$      | Got out of the dungeon alive.

Illustrated notes

Levels and vault maps discovered:
D:1:      grunt_arrival_crossed_arrows, layout_basic,
          hellmonk_ecumenical_altar_inner_sanctum
D:2:      layout_rooms, basic_altar, minmay_crystal_water, minmay_unequal
D:3:      layout_loops_corners, serial_shops, shop,
          nicolae_shop_real_fake_doors, uniq_terence, uniq_sigmund
D:4:      layout_gridville, minmay_temple_entry_water_ring, serial_shops,
          shop_coins

Skill      XL: |  1  2  3  4  5  6 |
---------------+-------------------+-----
Unarmed Combat | 3 4 5 6 |  6.2
Fighting       | 4 5 |  5.1
Armour         | |  1.7
Dodging        | |  0.8

Action                     |  1- 3 |  4- 6 |  7- 9 || total
---------------------------+-------+-------+-------++-------
  Melee: Unarmed           |   175 |   166 |     4 ||   345
         Punch             |     4 |     4 |       ||     8
         Kick              |       |     2 |       ||     2
  Evoke: Piece from Xom's  |     2 |     8 |       ||    10
    Use: Scroll            |     2 |     5 |       ||     7
         Potion            |       |     2 |       ||     2
   Stab: Petrified         |     9 |    17 |       ||    26
         Petrifying        |     1 |       |       ||     1
         Confused          |       |     1 |       ||     1
 Armour: Leather armour    |    62 |    42 |     2 ||   106
  Dodge: Dodged            |   137 |    87 |     2 ||   226
